| TOP OF THE 1ST |
|
Kingsport Cherokees batting - Pitching for Bluefield Grays : RHP Bret Saberhagen
|
|
Pitching: RHP Bret Saberhagen
|
|
|
Batting: SHB Renard Brown
|
0-0: Called Strike 0-1: Foul Ball, location: 2F 0-2: SINGLE (Line Drive, 34D, EV 105.6 MPH)
|
|
Batting: SHB Dewey James
|
0-0: Foul Ball, location: 2F 0-1: Called Strike 0-2: Strikes out swinging
|
|
Batting: LHB Peter Camelo
|
0-0: Ball 1-0: Called Strike Renard Brown steals 2nd base 1-1: Ball 2-1: Swinging Strike 2-2: Strikes out swinging
|
|
Batting: RHB Phillip Collins
|
0-0: Ball 1-0: Called Strike 1-1: Ball 2-1: Called Strike 2-2: Ball 3-2: Foul Ball, location: 2F 3-2: Foul Ball, location: 2F 3-2: Foul Ball, location: 2F 3-2: Ground out 6-3 (Groundball, 6, EV 83.8 MPH)
|
| Top of the 1st over - 0 runs, 1 hit, 0 errors, 1 left on base; Kingsport 0 - Bluefield 0 |
| BOTTOM OF THE 1ST |
|
Bluefield Grays batting - Pitching for Kingsport Cherokees : RHP Jimmy Jones
|
|
Pitching: RHP Jimmy Jones
|
|
|
Batting: SHB Casey Candaele
|
0-0: Ball 1-0: Ball 2-0: SINGLE (Groundball, 25, EV 68.8 MPH) (infield hit)
|
|
Batting: RHB Sam Haley
|
0-0: Fielders Choice at 2nd, 4-6 (Groundball, 4, EV 77.5 MPH)
|
|
Batting: RHB Charlie Hayes
|
0-0: Called Strike Sam Haley steals 2nd base (no throw) 0-1: SINGLE (Groundball, 4MD, EV 101.9 MPH) Sam Haley to third Runner from 3rd tries for Home, SAFE, throw by CF to home
|
|
Batting: RHB Richard Diaz
|
0-0: Fly out, F9 (Flyball, 9D, EV 96.3 MPH)
|
|
Batting: RHB David Martinez
|
0-0: Called Strike 0-1: Ball 1-1: Foul Ball, location: 2F 1-2: Ball 2-2: Foul Ball, location: 2F 2-2: Fly out, F8 (Flyball, 8LS, EV 85.6 MPH)
|
| Bottom of the 1st over - 1 run, 2 hits, 0 errors, 1 left on base; Kingsport 0 - Bluefield 1 |
| TOP OF THE 2ND |
|
Kingsport Cherokees batting - Pitching for Bluefield Grays : RHP Bret Saberhagen
|
|
Batting: RHB Thomas Mohl
|
0-0: Called Strike 0-1: Called Strike 0-2: Foul Ball, location: 2F 0-2: Ball 1-2: Strikes out swinging
|
|
Batting: RHB David Rooker
|
0-0: Fly out, F8 (Line Drive, 8RD, EV 109.4 MPH)
|
|
Batting: RHB Kenneth Grant
|
0-0: Ground out 5-3 (Groundball, 56S, EV 79.4 MPH)
|
| Top of the 2nd over - 0 runs, 0 hits, 0 errors, 0 left on base; Kingsport 0 - Bluefield 1 |
| BOTTOM OF THE 2ND |
|
Bluefield Grays batting - Pitching for Kingsport Cherokees : RHP Jimmy Jones
|
|
Batting: SHB Chris Maloney
|
0-0: Ball 1-0: Ball 2-0: Ball 3-0: Base on Balls
|
|
Batting: RHB Brad Colton
|
0-0: Called Strike 0-1: Ball 1-1: Swinging Strike 1-2: Strikes out swinging
|
|
Batting: RHB Steven Wolff
|
0-0: Ball 1-0: Ball Wild Pitch! Chris Maloney to second 2-0: Ball 3-0: Base on Balls
|
|
Batting: SHB Alex Garcia
|
0-0: Ball 1-0: Fly out, F6 (Popup, 6D, EV 69.4 MPH)
|
|
Batting: SHB Casey Candaele
|
0-0: DOUBLE (Flyball, 78D, EV 100.0 MPH) Chris Maloney scores Steven Wolff to third Runner from 3rd tries for Home, SAFE, no throw by CF
|
|
Batting: RHB Sam Haley
|
0-0: Ball 1-0: Swinging Strike 1-1: Foul Ball, location: 2F 1-2: Strikes out swinging
|
| Bottom of the 2nd over - 2 runs, 1 hit, 0 errors, 1 left on base; Kingsport 0 - Bluefield 3 |
| TOP OF THE 3RD |
|
Kingsport Cherokees batting - Pitching for Bluefield Grays : RHP Bret Saberhagen
|
|
Batting: RHB Juan Castillo
|
0-0: Foul Ball, location: 2F 0-1: Ball 1-1: Fly out, F1 (Line Drive, P, EV 68.8 MPH)
|
|
Batting: RHB Jose Sanchez
|
0-0: Ground out 4-3 (Groundball, 34, EV 104.4 MPH)
|
|
Batting: SHB Renard Brown
|
0-0: Called Strike 0-1: Ground out U3 (Groundball, 3L, EV 86.3 MPH)
|
| Top of the 3rd over - 0 runs, 0 hits, 0 errors, 0 left on base; Kingsport 0 - Bluefield 3 |
| BOTTOM OF THE 3RD |
|
Bluefield Grays batting - Pitching for Kingsport Cherokees : RHP Jimmy Jones
|
|
Batting: RHB Charlie Hayes
|
0-0: Ball 1-0: Called Strike 1-1: Ball 2-1: Foul Ball, location: 2F 2-2: Foul Ball, location: 2F 2-2: Strikes out swinging
|
|
Batting: RHB Richard Diaz
|
0-0: Foul Ball, location: 2F 0-1: Ball 1-1: Ball 2-1: Called Strike 2-2: Ball 3-2: Foul Ball, location: 2F 3-2: Ground out 5-3 (Groundball, 5, EV 89.4 MPH)
|
|
Batting: RHB David Martinez
|
0-0: Ball 1-0: Called Strike 1-1: Ball 2-1: SOLO HOME RUN (Flyball, 78XD, EV 106.3 MPH), Distance : 436 ft
|
|
Batting: SHB Chris Maloney
|
0-0: Ball 1-0: Ball 2-0: SINGLE (Groundball, 4MD, EV 95.0 MPH)
|
|
Batting: RHB Brad Colton
|
0-0: Foul Ball, location: 2F 0-1: Ball 1-1: Called Strike 1-2: Ball 2-2: Foul Ball, location: 2F 2-2: Strikes out swinging
|
| Bottom of the 3rd over - 1 run, 2 hits, 0 errors, 1 left on base; Kingsport 0 - Bluefield 4 |
| TOP OF THE 4TH |
|
Kingsport Cherokees batting - Pitching for Bluefield Grays : RHP Bret Saberhagen
|
|
Batting: SHB Dewey James
|
0-0: Fly out, F5 (Popup, 5S, EV 74.4 MPH)
|
|
Batting: LHB Peter Camelo
|
0-0: Called Strike 0-1: Called Strike 0-2: Ball 1-2: Ball 2-2: Ball 3-2: Base on Balls
|
|
Batting: RHB Phillip Collins
|
0-0: Called Strike 0-1: Foul Ball, location: 2F 0-2: Ball 1-2: Fly out, F7 (Line Drive, 7, EV 106.9 MPH)
|
|
Batting: RHB Thomas Mohl
|
0-0: Foul Ball, location: 2F 0-1: Foul Ball, location: 2F 0-2: Foul Ball, location: 2F 0-2: Ball 1-2: Strikes out swinging
|
| Top of the 4th over - 0 runs, 0 hits, 0 errors, 1 left on base; Kingsport 0 - Bluefield 4 |
| BOTTOM OF THE 4TH |
|
Bluefield Grays batting - Pitching for Kingsport Cherokees : RHP Jimmy Jones
|
|
Batting: RHB Steven Wolff
|
0-0: Swinging Strike 0-1: Swinging Strike 0-2: Ball 1-2: Ball 2-2: Foul Ball, location: 2F 2-2: Ball 3-2: Strikes out swinging
|
|
Batting: SHB Alex Garcia
|
0-0: Called Strike 0-1: Ball 1-1: Foul Ball, location: 2F 1-2: Strikes out swinging
|
|
Batting: SHB Casey Candaele
|
0-0: Called Strike 0-1: Ball 1-1: Ball 2-1: Ground out 4-3 (Groundball, 4, EV 91.9 MPH)
|
| Bottom of the 4th over - 0 runs, 0 hits, 0 errors, 0 left on base; Kingsport 0 - Bluefield 4 |
| TOP OF THE 5TH |
|
Kingsport Cherokees batting - Pitching for Bluefield Grays : RHP Bret Saberhagen
|
|
Batting: RHB David Rooker
|
0-0: Ball 1-0: Called Strike 1-1: Ground out 6-3 (Groundball, 6, EV 85.6 MPH)
|
|
Batting: RHB Kenneth Grant
|
0-0: Foul Ball, location: 2F 0-1: Ground out 6-3 (Groundball, 56, EV 105.0 MPH)
|
|
Batting: RHB Juan Castillo
|
0-0: Ball 1-0: Called Strike 1-1: Foul Ball, location: 2F 1-2: Strikes out looking
|
| Top of the 5th over - 0 runs, 0 hits, 0 errors, 0 left on base; Kingsport 0 - Bluefield 4 |
| BOTTOM OF THE 5TH |
|
Bluefield Grays batting - Pitching for Kingsport Cherokees : RHP Jimmy Jones
|
|
Batting: RHB Sam Haley
|
0-0: Ball 1-0: Fly out, F9 (Flyball, 9LD, EV 106.3 MPH)
|
|
Batting: RHB Charlie Hayes
|
0-0: SINGLE (Line Drive, 5D, EV 105.0 MPH)
|
|
Batting: RHB Richard Diaz
|
0-0: Swinging Strike 0-1: Ball 1-1: Foul Ball, location: 2F 1-2: Foul Ball, location: 2F 1-2: Strikes out looking
|
|
Batting: RHB David Martinez
|
0-0: Called Strike 0-1: Ball 1-1: Called Strike 1-2: Foul Ball, location: 2F 1-2: Ball 2-2: SINGLE (Line Drive, 8RM, EV 108.1 MPH) Charlie Hayes to second
|
|
Batting: SHB Chris Maloney
|
0-0: Ball 1-0: Ball 2-0: Ball 3-0: Base on Balls Charlie Hayes to third David Martinez to second
|
|
Batting: RHB Brad Colton
|
0-0: Swinging Strike 0-1: Foul Ball, location: 2F 0-2: Ball 1-2: Strikes out looking
|
| Bottom of the 5th over - 0 runs, 2 hits, 0 errors, 3 left on base; Kingsport 0 - Bluefield 4 |
| TOP OF THE 6TH |
|
Kingsport Cherokees batting - Pitching for Bluefield Grays : RHP Bret Saberhagen
|
|
Batting: RHB Jose Sanchez
|
0-0: Swinging Strike 0-1: Called Strike 0-2: Fly out, F6 (Flyball, 56D, EV 87.5 MPH)
|
|
Batting: SHB Renard Brown
|
0-0: Called Strike 0-1: Ground out 6-3 (Groundball, 6MS, EV 83.1 MPH)
|
|
Batting: SHB Dewey James
|
0-0: Called Strike 0-1: Ground out 4-3 (Groundball, 4, EV 103.1 MPH)
|
| Top of the 6th over - 0 runs, 0 hits, 0 errors, 0 left on base; Kingsport 0 - Bluefield 4 |
| BOTTOM OF THE 6TH |
|
Bluefield Grays batting - Pitching for Kingsport Cherokees : RHP Jimmy Jones
|
|
Batting: RHB Steven Wolff
|
0-0: DOUBLE (Line Drive, 9LM, EV 111.9 MPH)
|
|
Batting: SHB Alex Garcia
|
0-0: Swinging Strike 0-1: Ball 1-1: Ground out U3 (Groundball, 34, EV 86.3 MPH) Steven Wolff to third
|
|
Batting: SHB Casey Candaele
|
0-0: Swinging Strike 0-1: Ground out 4-3 (Groundball, 4S, EV 65.0 MPH) Steven Wolff scores
|
|
Batting: RHB Sam Haley
|
0-0: Ground out 5-3 (Groundball, 56, EV 88.8 MPH)
|
| Bottom of the 6th over - 1 run, 1 hit, 0 errors, 0 left on base; Kingsport 0 - Bluefield 5 |
| TOP OF THE 7TH |
|
Kingsport Cherokees batting - Pitching for Bluefield Grays : RHP Bret Saberhagen
|
|
Batting: LHB Peter Camelo
|
0-0: Called Strike 0-1: Fly out, F8 (Flyball, 8RXD, EV 98.1 MPH)
|
|
Batting: RHB Phillip Collins
|
0-0: Fly out, F8 (Flyball, 8RD, EV 84.4 MPH)
|
|
Batting: RHB Thomas Mohl
|
0-0: Ball 1-0: Ball 2-0: Swinging Strike 2-1: Foul Ball, location: 2F 2-2: Ground out 5-3 (Groundball, 56S, EV 86.9 MPH)
|
| Top of the 7th over - 0 runs, 0 hits, 0 errors, 0 left on base; Kingsport 0 - Bluefield 5 |
| BOTTOM OF THE 7TH |
|
Bluefield Grays batting - Pitching for Kingsport Cherokees : RHP Jimmy Jones
|
|
Pitching: LHP Harley Woody
|
|
|
Batting: RHB Charlie Hayes
|
0-0: Called Strike 0-1: Ball 1-1: Foul Ball, location: 2F 1-2: Ball 2-2: Foul Ball, location: 2F 2-2: Foul Ball, location: 2F 2-2: Ball 3-2: Foul Ball, location: 2F 3-2: Strikes out swinging
|
|
Batting: RHB Richard Diaz
|
0-0: Ball 1-0: Ball 2-0: Foul Ball, location: 2F 2-1: Swinging Strike 2-2: Foul Ball, location: 2F 2-2: SINGLE (Flyball, 89S, EV 91.3 MPH)
|
|
Batting: RHB David Martinez
|
0-0: Called Strike Richard Diaz steals 2nd base 0-1: Foul Ball, location: 2F 0-2: Ball 1-2: Ball 2-2: Ball 3-2: Base on Balls
|
|
Batting: SHB Chris Maloney
|
0-0: Ball 1-0: Fly out, F8 (Line Drive, 8LD, EV 86.9 MPH)
|
|
Batting: RHB Brad Colton
|
0-0: Swinging Strike 0-1: Foul Ball, location: 2F 0-2: Ball 1-2: Ball 2-2: Ball 3-2: Foul Ball, location: 2F 3-2: Strikes out swinging
|
| Bottom of the 7th over - 0 runs, 1 hit, 0 errors, 2 left on base; Kingsport 0 - Bluefield 5 |
| TOP OF THE 8TH |
|
Kingsport Cherokees batting - Pitching for Bluefield Grays : RHP Bret Saberhagen
|
|
Batting: RHB David Rooker
|
0-0: Swinging Strike 0-1: Ball 1-1: Ball 2-1: Called Strike 2-2: Strikes out looking
|
|
Batting: RHB Kenneth Grant
|
0-0: Called Strike 0-1: Fly out, F6 (Line Drive, 6, EV 73.1 MPH)
|
|
Batting: RHB Juan Castillo
|
0-0: Foul Ball, location: 2F 0-1: Ground out 4-3 (Groundball, 4, EV 94.4 MPH)
|
| Top of the 8th over - 0 runs, 0 hits, 0 errors, 0 left on base; Kingsport 0 - Bluefield 5 |
| BOTTOM OF THE 8TH |
|
Bluefield Grays batting - Pitching for Kingsport Cherokees : LHP Harley Woody
|
|
Batting: RHB Steven Wolff
|
0-0: Called Strike 0-1: Called Strike 0-2: SINGLE (Line Drive, 6MD, EV 101.9 MPH)
|
|
Batting: SHB Alex Garcia
|
0-0: Fly out, F8 (Flyball, 78D, EV 91.3 MPH)
|
|
Batting: SHB Casey Candaele
|
0-0: Foul Ball, location: 2F 0-1: Ball 1-1: Fly out, F3 (Popup, 23F, EV 83.8 MPH)
|
|
Batting: RHB Sam Haley
|
0-0: Called Strike 0-1: Foul Ball, location: 2F 0-2: DOUBLE (Line Drive, 89D, EV 108.1 MPH) Steven Wolff to third Runner from 3rd tries for Home, SAFE, no throw by RF
|
|
Batting: RHB Charlie Hayes
|
0-0: Called Strike 0-1: Swinging Strike 0-2: Ball 1-2: Ball 2-2: Strikes out swinging
|
| Bottom of the 8th over - 1 run, 2 hits, 0 errors, 1 left on base; Kingsport 0 - Bluefield 6 |
| TOP OF THE 9TH |
|
Kingsport Cherokees batting - Pitching for Bluefield Grays : RHP Bret Saberhagen
|
|
Batting: RHB Jose Sanchez
|
0-0: Ball 1-0: Ball 2-0: Ball 3-0: Called Strike 3-1: Fly out, F7 (Line Drive, 7, EV 104.4 MPH)
|
|
Batting: SHB Renard Brown
|
0-0: Ball 1-0: Ball 2-0: Foul Ball, location: 2F 2-1: Fly out, F8 (Flyball, 8RM, EV 93.1 MPH)
|
|
Batting: SHB Dewey James
|
0-0: Foul Ball, location: 2F 0-1: Ball 1-1: Called Strike 1-2: Fly out, F9 (Flyball, 9LS, EV 94.4 MPH)
|
| Top of the 9th over - 0 runs, 0 hits, 0 errors, 0 left on base; Kingsport 0 - Bluefield 6 |
|